 Dungeon Crawl Stone Soup version 0.29.1-15-g9cfb28693d (webtiles) character file.

Game seed: 10730855403698387152

10 zeram the Grave Robber (level 2, -1/20 HPs)
             Began as a Gnoll Necromancer on Feb 26, 2023.
             Slain by a jackal (2 damage)
             ... on level 1 of the Dungeon.
             The game lasted 00:00:57 (281 turns).

zeram the Grave Robber (Gnoll Necromancer)           Turns: 281, Time: 00:00:58

Health: -1/20      AC:  2    Str:  7    XL:     2   Next: 20%
Magic:  2/7        EV: 13    Int: 14    God:
Gold:   30         SH:  0    Dex: 12    Spells: 9/10 levels left

rFire   . . .      SeeInvis .   c - +0 dagger
rCold   . . .      Faith    .   (no shield)
rNeg    . . .      Spirit   .   a - +0 robe
rPois   .          Reflect  .   (no helmet)
rElec   .          Harm     .   (no cloak)
rCorr   .          Rampage  .   (no gloves)
Will    .....                   (no boots)
Stlth   ++........              (no amulet)
HPRegen 0.06/turn               (no ring)
MPRegen 0.10/turn               (no ring)

@: no status effects
A: fangs 1, strong nose, distributed training
a: no special abilities


You were on level 1 of the Dungeon.
You visited 1 branch of the dungeon, and saw 1 of its levels.

You collected 30 gold pieces.

Inventory:

Hand Weapons
 c - a +0 dagger (weapon)
Armour
 a - a +0 robe (worn)
Potions
 b - a potion of magic


   Skills:
 + Level 0.3 Fighting
 + Level 0.3 Short Blades
 + Level 0.3 Long Blades
 + Level 0.3 Axes
 + Level 0.3 Maces & Flails
 + Level 0.3 Polearms
 + Level 0.3 Staves
 + Level 0.3 Ranged Weapons
 + Level 0.3 Throwing
 + Level 0.3 Armour
 + Level 4.4 Dodging
 + Level 4.0 Stealth
 + Level 0.3 Shields
 + Level 0.3 Unarmed Combat
 + Level 4.9 Spellcasting
 + Level 0.2 Conjurations
 + Level 0.2 Hexes
 + Level 0.2 Summonings
 + Level 7.0 Necromancy
 + Level 0.2 Translocations
 + Level 0.2 Transmutations
 + Level 0.2 Fire Magic
 + Level 0.2 Ice Magic
 + Level 0.2 Air Magic
 + Level 0.2 Earth Magic
 + Level 0.2 Poison Magic
 + Level 0.4 Invocations
 + Level 0.3 Evocations


You had 9 spell levels left.
You knew the following spells:

 Your Spells              Type           Power      Damage    Failure   Level
a - Necrotise             Necr           92%        1d8       1%          1

Your spell library contained the following spells:

 Spells                   Type           Power      Damage    Failure   Level
 Vampiric Draining        Necr           23%        2d7       3%          3
 Animate Dead             Necr           23%        N/A       10%         4
 Agony                    Necr           23%        N/A       26%         5


Dungeon Overview and Level Annotations

Branches:
Dungeon (1/15)

Altars:


Innate Abilities, Weirdness & Mutations

You have very sharp teeth.
Your uncanny sense of smell can sniff out nearby items.
Your experience applies equally to all skills.


Message History

The giant cockroach convulses!
It was a scroll of torment.
The bat hits you. The bat barely misses you. The jackal misses you.
Casting: Necrotise (safe; 1% risk of failure)
Confirm with . or Enter, or press ? or * to list all spells.
Aiming: Necrotise (safe; 1% risk of failure)
Press: ? - help, Shift-Dir - straight line, f/p - jackal
Aim: a jackal (moderately wounded, chance to affect: 91%)
The jackal writhes in agony.
You kill the jackal!
The dead are walking!
The bat hits you. The jackal bites you.
* * * LOW HITPOINT WARNING * * *
The bat hits you.
* * * LOW HITPOINT WARNING * * *
The jackal bites your jackal skeleton. The jackal barely misses you.
Casting: Necrotise (safe; 1% risk of failure)
Confirm with . or Enter, or press ? or * to list all spells.
Aiming: Necrotise (safe; 1% risk of failure)
Press: ? - help, Shift-Dir - straight line, f/p - jackal
Aim: a jackal (moderately wounded, ally target, chance to affect: 91%)
The bat writhes in agony!
You kill the bat!
The dead are flying!
A nearby plant withers and dies.
The bat hits you but does no damage. The jackal bites you.
* * * LOW HITPOINT WARNING * * *
Your jackal skeleton bites the hobgoblin.
The jackal barely misses you.
Casting: Necrotise (safe; 1% risk of failure)
Confirm with . or Enter, or press ? or * to list all spells.
Aiming: Necrotise (safe; 1% risk of failure)
Press: ? - help, Shift-Dir - straight line, f/p - jackal
Aim: a jackal (moderately wounded, ally target, chance to affect: 91%)
The jackal writhes in agony!
You kill the jackal!
The dead are walking!
The bat barely misses you. The jackal bites you.
* * * LOW HITPOINT WARNING * * *
The hobgoblin misses you.
Your bat skeleton closely misses the jackal.
Your jackal skeleton bites the giant cockroach but does no damage.
The jackal bites you.
You die...

............#....##.PP~P(...#P
....g.......###.....~♣~.#####~
........##..# #.....P~~....##P
........##..#.......P~.P....##
....###.##.)###.....PPP##.#...
.... #....[.#Z........##.####
... #......#b#.............#
.. #....ZgB.....P##.##..#.#
#...P.h@.♣.♣......##.)..
.....Pr.Z.~♣~...♣........
.#$....P.P~~~~♣.♣........)
.......P...~~~~~♣.........
.#....#.P♣..~♣~~♣.P.......
#......#P..~~♣~P.........
#...... #♣..PP...........
...... ##........^....
##............


You could see a jackal (ally target), a giant cockroach (ally target), a
hobgoblin, a bat (ally target), a rat, a friendly bat skeleton and 2 friendly
jackal skeletons.

Vanquished Creatures
  A bat (D:1)
  An endoplasm (D:1)
  A goblin (D:1)
  3 jackals (D:1)
  A quokka (D:1)
  A ball python (D:1)
  A frilled lizard (D:1)
  A kobold (D:1)
10 creatures vanquished.

Vanquished Creatures (others)
  A plant (D:1)
1 creature vanquished.

Grand Total: 11 creatures vanquished

Notes
Turn   | Place    | Note
-------+----------+-------------------------------------------
     0 | D:1      | zeram the Gnoll Necromancer began the quest for the Orb.
     0 | D:1      | Reached XP level 1. HP: 13/13 MP: 6/6
   268 | D:1      | Reached XP level 2. HP: 19/19 MP: 5/7
   281 | D:1      | HP: 1/20 [jackal (1)]
   281 | D:1      | Slain by a jackal

Illustrated notes

Levels and vault maps discovered:
D:1:      minmay_arrival_up_and_down, layout_rooms, serial_bayou,
          serial_bayou_pond_a, serial_bayou_lagoon_a, serial_bayou_pond_d,
          serial_bayou_pond_a, serial_bayou_ford_a, serial_bayou_shore_b,
          minmay_strange_pillars, minivault_5, minmay_surrounded

Action                   || total
-------------------------++-------
Melee: Unarmed           ||     4
       Dagger            ||     1
 Cast: Necrotise         ||    14
  Use: Scroll            ||     1
Armor: Robe              ||     3
Dodge: Dodged            ||    28
